 Dungeon Crawl Stone Soup version 0.31-a0-220-gc2f4f3cf83 (webtiles) character file.

Game seed: 2568632502391341757

27060 qw the Cleaver (level 13, -5/84 HPs)
             Began as a Gargoyle Fighter on July 3, 2023.
             Was a High Priest of Okawaru.
             Slain by a salamander
             ... wielding a +0 halberd
              (12 damage)
             ... on level 3 of the Lair of Beasts.
             The game lasted 00:08:49 (14913 turns).

qw the Cleaver (Gargoyle Fighter)                  Turns: 14913, Time: 00:08:50

Health: -5/84      AC: 31    Str: 29    XL:     13   Next: 30%
Magic:  19/20      EV: 17    Int: 10    God:    Okawaru [*****.]
Gold:   335        SH:  6    Dex:  7    Spells: 12/12 levels left

rFire   . . .        v - +0 broad axe
rCold   . . .        c - +0 buckler
rNeg    + . .        f - +4 ring mail "Xostatoi" {Str+5 Dex-2 SInv}
rPois   inf          q - +2 helmet
rElec   +            y - +2 cloak
rCorr   +            e - +2 pair of gloves
SInv    +            (no boots)
Will    .....        g - amulet of faith
Stlth   ++           r - +5 ring of evasion
HPRegen 0.34/turn    o - ring of resist corrosion
MPRegen 0.17/turn

%: faith
@: about to teleport, heroic
A: sickness immunity, AC +9, negative energy resistance 1, electricity
resistance, torment resistance 1, petrification resistance
a: Renounce Religion, Heroism, Finesse, Duel


You were on level 3 of the Lair of Beasts.
You worshipped Okawaru.
Okawaru was extremely pleased with you.
You visited 2 branches of the dungeon, and saw 13 of its levels.

You collected 925 gold pieces.
You spent 590 gold pieces at shops.


Innate Abilities, Weirdness & Mutations

You are immune to sickness and miasma.
Your stone body is resilient. (AC +9)
You are immune to poison.
You resist negative energy. (rN+)
You are resistant to electric shocks. (rElec)
You are resistant to unholy torment.
You are immune to petrification.


   Skills:
 - Level 11.0(16.0) Fighting
 - Level 14.5(19.5) Axes
 + Level 3.0(8.0) Throwing
 - Level 6.0(11.0) Armour
 - Level 2.1(7.1) Dodging
 - Level 7.1(12.1) Shields
 - Level 10.0 Invocations


You had 12 spell levels left.
You didn't know any spells.
Your spell library was empty.

Inventory:

Hand Weapons
 b - a +0 morningstar
 v - a +0 broad axe (weapon)
Missiles
 C - 2 javelins (quivered)
Armour
 c - a +0 buckler (worn)
 e - a +2 pair of gloves (worn)
 f - the +4 ring mail "Xostatoi" (worn) {Str+5 Dex-2 SInv}
   (You took it off a gnoll bouda on level 8 of the Dungeon)

   Str:       It affects your strength (+5).
   Dex:       It affects your dexterity (-2).
   SInv:      It lets you see invisible.
 q - a +2 helmet (worn)
 s - +0 acid dragon scales
 t - a +0 plate armour
 y - a +2 cloak (worn)
Jewellery
 g - an amulet of faith (around neck)
 n - an amulet of reflection
 o - a ring of resist corrosion (right hand)
 r - a +5 ring of evasion (left hand)
 u - a ring of see invisible
 D - an amulet of guardian spirit
 Y - a ring of positive energy
Scrolls
 a - a scroll of identify
 j - 2 scrolls of enchant armour
 B - a scroll of vulnerability {unknown}
Potions
 d - 3 potions of might
 h - a potion of mutation
 i - a potion of magic
 k - 13 potions of curing
 l - a potion of haste
 m - 2 potions of attraction
 p - a potion of enlightenment
 w - a potion of resistance
 x - a potion of cancellation
 z - a potion of lignification

Dungeon Overview and Level Annotations

Branches:
Dungeon (9/15)             Temple (0/1) D:5            Lair (4/5) D:9
  Swamp (0/4) Lair:2        Snake (0/4) Lair:3
  Slime: Lair:4-5       Orc: D:9-12

Altars:
Ashenzari
Fedhas
Kikubaaqudgha
Nemelex Xobeh
Okawaru
Qazlal
Trog
Uskayaw
Vehumet
Yredelemnul
Zin
The Shining One

Shops:
D:4 =   D:6 *   D:9 !([*

Annotations:
D:4 3 runed translucent doors, qw's ghost, amateur GrFi
D:9 exclusions: goblin and 3 hobgoblins
Lair:2 2 transporters, Zapai's ghost, journeyman DgAr


Message History

The salamander hits you but does no damage.
Your base Throwing skill increases to level 3!
Enter note:
Enter note:
Enter note:
Enter note: You block the lava snake's attack.
The salamander hits you but does no damage.
You hit the salamander but do no damage.
You slash the lava snake! The lava snake spits lava at you.
The glob of lava hits you but does no damage.
The lava snake spits lava at you. The glob of lava hits you.
You slice the lava snake!!
You kill the lava snake!
Okawaru accepts your kill.
You closely miss the salamander. The salamander barely misses you.
The lava snake spits lava at you.
The glob of lava hits you but does no damage.
You slash the salamander!
The salamander is lightly wounded.
The salamander hits you but does no damage.
You hit the salamander.
The salamander is lightly wounded.
The salamander hits you with a +0 halberd!
You are engulfed in flames!
14911 ||| READING scroll of teleportation.
As you read the scroll of teleportation, it crumbles to dust.
You feel strangely unstable.
The salamander hits you but does no damage.
You slice the salamander!!
The salamander is heavily wounded.
The lava snake spits lava at you.
The glob of lava hits you but does no damage.
You hit the salamander.
The salamander is heavily wounded.
The salamander hits you with a +0 halberd!
You die...

##.## #.##.##P. #..# #.##.#...
#.## #.##....# # #..# #..#.#..#
##### ##### #.##...## ....#
##~~¤###.##...## .#...
####S~~¤~~##.......# ....P.#####
##.#..~...~~#..%.....
.........#.##...@¤¤¤>.~¤#%>......
#..............#N¤¤¤..~~#.%%.....
##.##..#...#.P###¤¤¤¤¤¤##.P#.....
.#..............###¤¤~###......##
......#P.P.##....######...#P....#
..# ##..# ##...##..##P..##.....
### #.. #..####.P###......... .#
##.## #..# #..####..##..... ##
#...# ##.# ##..#P.###.#....


You could see a salamander and a lava snake (catching breath).

Vanquished Creatures
  2 hydras
  A two-headed ogre (D:8)
  A boulder beetle (Lair:3)
  Sonja (Lair:4)
  2 bog bodies (Lair:2)
  4 oklob plants (Lair:1)
  5 elephants (Lair:4)
  A torpor snail (Lair:3)
  5 cane toads
  2 black mambas
  2 rime drakes
  8 komodo dragons
  A troll (D:9)
  A polar bear (Lair:3)
  3 hornets
  3 blink frogs (Lair:3)
  Grinder (D:5)
  9 dream sheep
  Eustachio (D:6)
  4 wyverns
  2 basilisks
  20 yaks
  4 steam dragons
  3 wargs (D:9)
  An acid dragon (D:8)
  13 water moccasins
  A sky beast (D:8)
  An ice beast (D:6)
  3 black bears
  An orc warrior (D:8)
  3 ogres
  2 phantoms
  4 wolves (Lair:3)
  2 centaurs
  4 kobold brigands
  13 bullfrogs
  A gnoll sergeant (D:8)
  6 scorpions
  16 wights
  10 killer bees
  A howler monkey (D:8)
  2 lava snakes (Lair:3)
  A quasit (D:4)
  A jelly (D:4)
  5 orc priests
  A bullfrog zombie (D:7)
  A gnoll bouda (D:8)
  6 hounds
  2 iguanas (D:6)
  6 orc wizards
  5 hell rats (Lair:2)
  A howler monkey zombie (D:7)
  Robin (D:2)
  4 gnolls (D:8)
  6 adders
  8 river rats (Lair:2)
  3 shadow imps
  5 white imps
  5 ufetubi (D:4)
  A worm (D:2)
  6 dart slugs
  20 orcs
  8 ball pythons
  8 bats
  13 endoplasms
  5 giant cockroaches
  21 goblins
  13 hobgoblins
  10 jackals
  4 quokkas
  5 frilled lizards
  22 kobolds
  13 rats
380 creatures vanquished.

Vanquished Creatures (others)
  An adder (D:5)
  An orc (D:8)
2 creatures vanquished.

Grand Total: 382 creatures vanquished

Notes
Turn   | Place    | Note
-------+----------+-------------------------------------------
     0 | D:1      | qw the Gargoyle Fighter began the quest for the Orb.
     0 | D:1      | Reached XP level 1. HP: 14/14 MP: 1/1
     0 | D:1      | 0 ||| qw: Version: 0.3-a-40-ge99b1a8
     0 | D:1      | 0 ||| qw: Game counter: 496
     0 | D:1      | 0 ||| qw: Melee chars always use a shield: true
     0 | D:1      | 0 ||| qw: God list: Okawaru
     0 | D:1      | 0 ||| qw: Allow faded altars: false
     0 | D:1      | 0 ||| qw: Do Orc after clearing Dungeon:15 true
     0 | D:1      | 0 ||| qw: Do second Lair branch before Depths: true
     0 | D:1      | 0 ||| qw: Lair rune preference: random
     0 | D:1      | 0 ||| qw: Goals: Normal, Zot:1-4, Slime:5, God:TSO, Crypt,
                  | Tomb, Abyss, Pan, Hells, Win
     0 | D:1      | 0 ||| PLANNING D:1-11
    20 | D:1      | Reached skill level 2 in Axes
    62 | D:1      | Reached XP level 2. HP: 19/19 MP: 2/2
   122 | D:1      | 122 ||| Stepping ~*~*~tactically~*~*~ (hiding).
   239 | D:1      | 239 ||| DROPPING +0 club.
   248 | D:1      | 248 ||| Stepping ~*~*~tactically~*~*~ (stealth).
   255 | D:1      | Reached skill level 3 in Axes
   266 | D:1      | 266 ||| Stepping ~*~*~tactically~*~*~ (stealth).
   279 | D:1      | 279 ||| Stepping ~*~*~tactically~*~*~ (stealth).
   388 | D:1      | Reached XP level 3. HP: 22/23 MP: 3/3
   498 | D:1      | 498 ||| Stepping ~*~*~tactically~*~*~ (stealth).
   975 | D:1      | 975 ||| UPGRADING to amulet of faith.
   980 | D:1      | 980 ||| DROPPING ring of flight.
   981 | D:1      | 981 ||| READING scroll labelled SUPPIL DOSOZEI.
   982 | D:1      | 982 ||| READING scroll labelled ISTRURPH XOIRY.
   983 | D:1      | 983 ||| READING scroll labelled ENIUM CUATUTAXAALE.
  1231 | D:2      | Reached XP level 4. HP: 28/28 MP: 4/4
  1410 | D:2      | 1410 ||| Stepping ~*~*~tactically~*~*~ (hiding).
  1442 | D:2      | Reached skill level 4 in Axes
  1470 | D:2      | 1470 ||| Stepping ~*~*~tactically~*~*~ (hiding).
  1472 | D:2      | 1472 ||| Stepping ~*~*~tactically~*~*~ (hiding).
  1473 | D:2      | 1473 ||| Stepping ~*~*~tactically~*~*~ (hiding).
  1487 | D:2      | 1487 ||| Stepping ~*~*~tactically~*~*~ (stealth).
  1539 | D:2      | Noticed Robin
  1540 | D:2      | 1540 ||| Stepping ~*~*~tactically~*~*~ (hiding).
  1554 | D:2      | Killed Robin
  1561 | D:2      | 1561 ||| Stepping ~*~*~tactically~*~*~ (stealth).
  1569 | D:2      | 1569 ||| Stepping ~*~*~tactically~*~*~ (stealth).
  1575 | D:2      | Reached XP level 5. HP: 32/32 MP: 5/5
  1727 | D:2      | 1727 ||| Stepping ~*~*~tactically~*~*~ (stealth).
  1773 | D:2      | 1773 ||| DROPPING +0 whip.
  1919 | D:2      | 1919 ||| UPGRADING to +0 helmet.
  1924 | D:2      | 1924 ||| READING scroll of enchant armour.
  1924 | D:2      | 1924 ||| ENCHANTING +0 helmet.
  1925 | D:2      | 1925 ||| UPGRADING to ring of resist corrosion.
  1926 | D:2      | 1926 ||| DROPPING ring of magical power.
  1927 | D:2      | 1927 ||| READING scroll labelled SIH NACHUNYNTE.
  1928 | D:2      | 1928 ||| READING 2 scrolls labelled LUPPIPILIH.
  1929 | D:2      | 1929 ||| READING scroll labelled YXAILI VADOC.
  2030 | D:2      | 2030 ||| READING scroll labelled UTYIXA GUOZIU.
  2035 | D:2      | 2035 ||| DRINKING 3 fuming puce potions.
  2036 | D:2      | 2036 ||| DROPPING scroll of revelation.
  2081 | D:3      | Found a faded altar of an unknown god.
  2151 | D:3      | 2151 ||| Stepping ~*~*~tactically~*~*~ (hiding).
  2258 | D:3      | 2258 ||| Stepping ~*~*~tactically~*~*~ (hiding).
  2324 | D:3      | 2324 ||| DROPPING +0 mace.
  2341 | D:3      | Reached skill level 5 in Axes
  2424 | D:3      | Found a sparkling altar of Nemelex Xobeh.
  2464 | D:3      | 2464 ||| Stepping ~*~*~tactically~*~*~ (stealth).
  2536 | D:3      | 2536 ||| READING scroll of enchant armour.
  2536 | D:3      | 2536 ||| ENCHANTING +1 helmet.
  2759 | D:3      | 2759 ||| UPGRADING to +0 chain mail.
  2769 | D:3      | 2769 ||| DROPPING +0 scale mail.
  2770 | D:3      | 2770 ||| READING scroll labelled YZIAWKA TENK.
  2831 | D:4      | Found a glowing silver altar of Zin.
  2832 | D:4      | Found a stormy altar of Qazlal.
  2838 | D:4      | Found a runed translucent gate.
  2838 | D:4      | Found a runed translucent gate.
  2838 | D:4      | Found a runed translucent gate.
  2846 | D:4      | 2846 ||| Stepping ~*~*~tactically~*~*~ (hiding).
  2857 | D:4      | Reached XP level 6. HP: 36/38 MP: 6/6
  2984 | D:4      | 2984 ||| Stepping ~*~*~tactically~*~*~ (stealth).
  3045 | D:4      | 3045 ||| Stepping ~*~*~tactically~*~*~ (hiding).
  3047 | D:4      | 3047 ||| Stepping ~*~*~tactically~*~*~ (hiding).
  3049 | D:4      | 3049 ||| Stepping ~*~*~tactically~*~*~ (hiding).
  3050 | D:4      | 3050 ||| Stepping ~*~*~tactically~*~*~ (hiding).
  3198 | D:4      | Reached skill level 6 in Axes
  3213 | D:4      | Reached XP level 7. HP: 43/43 MP: 7/7
  3240 | D:4      | Reached skill level 1 in Dodging
  3297 | D:4      | 3297 ||| Stepping ~*~*~tactically~*~*~ (hiding).
  3299 | D:4      | 3299 ||| Stepping ~*~*~tactically~*~*~ (hiding).
  3300 | D:4      | 3300 ||| Stepping ~*~*~tactically~*~*~ (hiding).
  3378 | D:4      | 3378 ||| Stepping ~*~*~tactically~*~*~ (stealth).
  3530 | D:4      | Found Kiryfasch's Jewellery Shoppe.
  3533 | D:4      | 3533 ||| SHOPLISTING +4 ring of slaying (858 gold, have
                  | 231).
  3533 | D:4      | 3533 ||| SHOPLISTING amulet of regeneration (330 gold, have
                  | 231).
  3533 | D:4      | 3533 ||| SHOPLISTING ring "Osodat" {Fly rF+ MP+9} (397
                  | gold, have 231).
  3533 | D:4      | 3533 ||| SHOPLISTING ring of Xom's Sleight of Hands {Str+6
                  | Dex+5} (588 gold, have 231).
  3533 | D:4      | 3533 ||| BUYING ring of positive energy (220 gold).
  3533 | D:4      | Bought a ring of positive energy for 220 gold pieces
  3533 | D:4      | 3533 ||| SHOPLISTING ring of positive energy (220 gold,
                  | have 11).
  3533 | D:4      | 3533 ||| SHOPLISTING ring of protection from cold (275
                  | gold, have 11).
  3533 | D:4      | 3533 ||| SHOPLISTING ring of resist corrosion (220 gold,
                  | have 11).
  3612 | D:4      | 3612 ||| Stepping ~*~*~tactically~*~*~ (hiding).
  3721 | D:4      | Identified the +1 robe of Tekliux {rC- Dex+5 Stlth+}
  3777 | D:4      | Found a radiant altar of Vehumet.
  3777 | D:4      | Found a hide-covered altar of Uskayaw.
  3814 | D:4      | Noticed qw's ghost (amateur GrFi)
  3821 | D:4      | 3821 ||| UPGRADING to ring of positive energy.
  3822 | D:4      | 3822 ||| READING scroll labelled XEW ISI LATOS.
  3823 | D:4      | 3823 ||| DRINKING 2 cyan potions.
  3824 | D:4      | 3824 ||| READING 2 scrolls of identify.
  3824 | D:4      | 3824 ||| IDENTIFYING green potion
  3825 | D:4      | 3825 ||| DROPPING potion of degeneration.
  3847 | D:5      | Entered Level 5 of the Dungeon
  3848 | D:5      | 3848 ||| PLANNING SEWER
  3851 | D:5      | Reached skill level 7 in Axes
  3856 | D:5      | 3856 ||| Stepping ~*~*~tactically~*~*~ (stealth).
  3858 | D:5      | 3858 ||| Stepping ~*~*~tactically~*~*~ (stealth).
  3860 | D:5      | 3860 ||| Stepping ~*~*~tactically~*~*~ (hiding).
  3937 | D:5      | 3937 ||| FLEEEEING.
  3938 | D:5      | 3938 ||| STAIRDANCE
  4011 | D:5      | 4011 ||| FLEEEEING.
  4012 | D:5      | 4012 ||| STAIRDANCE
  4159 | D:5      | 4159 ||| DROPPING +0 flail.
  4198 | D:5      | Noticed Grinder
  4199 | D:5      | 4199 ||| Stepping ~*~*~tactically~*~*~ (hiding).
  4209 | D:5      | Found a staircase to the Ecumenical Temple.
  4216 | D:5      | 4216 ||| FLEEEEING.
  4217 | D:5      | 4217 ||| FLEEEEING.
  4218 | D:5      | 4218 ||| FLEEEEING.
  4219 | D:5      | 4219 ||| FLEEEEING.
  4220 | D:5      | 4220 ||| FLEEEEING.
  4221 | D:5      | 4221 ||| FLEEEEING.
  4226 | D:5      | 4226 ||| FLEEEEING.
  4233 | D:5      | 4233 ||| Stepping ~*~*~tactically~*~*~ (hiding).
  4253 | D:5      | Paralysed by Grinder for 2 turns
  4258 | D:5      | Killed Grinder
  4259 | D:5      | Reached XP level 8. HP: 29/49 MP: 8/8
  4448 | D:5      | 4448 ||| RIP SEWER
  4467 | D:5      | 4467 ||| PLANNING TEMPLE
  4498 | D:5      | 4498 ||| Stepping ~*~*~tactically~*~*~ (hiding).
  4504 | D:5      | Reached skill level 8 in Axes
  4743 | D:5      | Found an iron altar of Okawaru.
  4744 | D:5      | 4744 ||| PLANNING OKAWARU WORSHIP
  4744 | D:5      | 4744 ||| READING 3 scrolls of identify.
  4744 | D:5      | 4744 ||| IDENTIFYING fuming silvery potion
  4745 | D:5      | 4745 ||| READING 2 scrolls of identify.
  4745 | D:5      | 4745 ||| IDENTIFYING lumpy yellow potion
  4752 | D:5      | Found a glowing golden altar of the Shining One.
  4754 | D:5      | Became a worshipper of Warmaster Okawaru
  4755 | D:5      | 4755 ||| PLANNING D:1-11
  4836 | D:5      | HP: 2/50 [steam dragon/ball of steam (15)]
  4837 | D:5      | 4837 ||| READING scroll of teleportation.
  4838 | D:5      | 4838 ||| DRINKING 2 potions of heal wounds.
  4859 | D:5      | Reached skill level 6 in Fighting
  5121 | D:5      | 5121 ||| STAIRDANCE
  5177 | D:4      | 5177 ||| READING 2 scrolls of identify.
  5177 | D:4      | 5177 ||| IDENTIFYING coppery potion
  5345 | D:5      | 5345 ||| Stepping ~*~*~tactically~*~*~ (hiding).
  5536 | D:5      | 5536 ||| READING scroll labelled QODICI ZAO.
  5582 | D:6      | Reached * piety under Okawaru
  5663 | D:6      | Found Bukkein's Bounteous Boutique.
  5664 | D:6      | 5664 ||| INVOKING Heroism.
  5688 | D:6      | 5688 ||| BUYING +0 broad axe (44 gold).
  5688 | D:6      | Bought a +0 broad axe for 44 gold pieces
  5688 | D:6      | 5688 ||| SHOPLISTING +0 pair of boots (49 gold, have 39).
  5688 | D:6      | 5688 ||| SHOPLISTING scroll of brand weapon (104 gold, have
                  | 39).
  5688 | D:6      | 5688 ||| SWAPPING to +0 broad axe.
  5689 | D:6      | 5689 ||| DROPPING +0 war axe.
  5720 | D:6      | 5720 ||| Stepping ~*~*~tactically~*~*~ (stealth).
  5721 | D:6      | 5721 ||| Stepping ~*~*~tactically~*~*~ (stealth).
  5736 | D:6      | Reached XP level 9. HP: 45/56 MP: 9/9
  5873 | D:6      | Noticed Eustachio
  5882 | D:6      | Killed Eustachio
  5883 | D:6      | Reached skill level 9 in Axes
  5983 | D:6      | Found a broken altar of Ashenzari.
  6008 | D:6      | Reached skill level 1 in Invocations
  6277 | D:6      | 6277 ||| INVOKING Heroism.
  6414 | D:6      | Reached skill level 3 in Invocations
  6627 | D:6      | 6627 ||| READING 2 scrolls of identify.
  6627 | D:6      | 6627 ||| IDENTIFYING lumpy black potion
  6652 | D:7      | 6652 ||| INVOKING Heroism.
  6766 | D:7      | 6766 ||| INVOKING Heroism.
  6936 | D:7      | 6936 ||| Stepping ~*~*~tactically~*~*~ (stealth).
  6938 | D:7      | 6938 ||| Stepping ~*~*~tactically~*~*~ (hiding).
  6939 | D:7      | 6939 ||| Stepping ~*~*~tactically~*~*~ (hiding).
  6953 | D:7      | 6953 ||| INVOKING Heroism.
  6960 | D:7      | Reached skill level 10 in Axes
  7057 | D:7      | 7057 ||| INVOKING Heroism.
  7061 | D:7      | Reached ** piety under Okawaru
  7161 | D:7      | 7161 ||| INVOKING Heroism.
  7228 | D:7      | Noticed a hornet
  7241 | D:7      | 7241 ||| INVOKING Heroism.
  7245 | D:7      | Killed a hornet
  7246 | D:7      | Reached XP level 10. HP: 46/64 MP: 10/13
  7487 | D:7      | Found a basalt altar of Yredelemnul.
  7767 | D:7      | 7767 ||| UPGRADING to ring of see invisible.
  7769 | D:7      | 7769 ||| UPGRADING to ring of resist corrosion.
  7771 | D:7      | 7771 ||| DRINKING 2 golden potions.
  7772 | D:7      | 7772 ||| READING 3 scrolls of identify.
  7772 | D:7      | 7772 ||| IDENTIFYING fuming amethyst potion
  7773 | D:7      | 7773 ||| DROPPING potion of brilliance.
  7774 | D:7      | 7774 ||| DROPPING potion of ambrosia.
  7828 | D:8      | 7828 ||| Stepping ~*~*~tactically~*~*~ (stealth).
  7830 | D:8      | 7830 ||| Stepping ~*~*~tactically~*~*~ (stealth).
  7851 | D:8      | 7851 ||| INVOKING Heroism.
  7862 | D:8      | Reached *** piety under Okawaru
  7871 | D:8      | Reached skill level 11 in Axes
  7906 | D:8      | 7906 ||| Stepping ~*~*~tactically~*~*~ (stealth).
  7915 | D:8      | 7915 ||| INVOKING Heroism.
  8027 | D:8      | 8027 ||| Stepping ~*~*~tactically~*~*~ (stealth).
  8085 | D:8      | 8085 ||| Stepping ~*~*~tactically~*~*~ (hiding).
  8089 | D:8      | 8089 ||| Stepping ~*~*~tactically~*~*~ (hiding).
  8359 | D:8      | 8359 ||| INVOKING Heroism.
  8404 | D:8      | Noticed a two-headed ogre
  8405 | D:8      | 8405 ||| FLEEEEING.
  8406 | D:8      | 8406 ||| FLEEEEING.
  8407 | D:8      | 8407 ||| FLEEEEING.
  8408 | D:8      | 8408 ||| FLEEEEING.
  8463 | D:8      | 8463 ||| INVOKING Heroism.
  8470 | D:8      | Killed a two-headed ogre
  8471 | D:8      | Reached skill level 9 in Fighting
  8602 | D:8      | Found an ancient bone altar of Kikubaaqudgha.
  8866 | D:8      | 8866 ||| INVOKING Heroism.
  8875 | D:8      | Reached skill level 6 in Armour
  8885 | D:8      | HP: 14/66 [kobold brigand/+0 club (4)]
  8886 | D:8      | Reached XP level 11. HP: 15/71 MP: 14/14
  8886 | D:8      | 8886 ||| DRINKING potion of heal wounds.
  8887 | D:8      | Identified the +4 ring mail "Xostatoi" {Str+5 Dex-2 SInv}
  8919 | D:8      | 8919 ||| INVOKING Heroism.
  9220 | D:8      | 9220 ||| UPGRADING to +4 ring mail "Xostatoi" {Str+5 Dex-2
                  | SInv}.
  9230 | D:8      | 9230 ||| REMOVING ring of see invisible.
  9231 | D:8      | 9231 ||| DROPPING +0 chain mail.
  9232 | D:8      | 9232 ||| UPGRADING to ring of positive energy.
  9233 | D:8      | 9233 ||| READING 2 scrolls labelled YLYMEP EPNOD.
  9234 | D:8      | 9234 ||| READING 3 scrolls of identify.
  9234 | D:8      | 9234 ||| IDENTIFYING pink potion
  9235 | D:8      | 9235 ||| DROPPING scroll of fear.
  9333 | D:9      | 9333 ||| INVOKING Heroism.
  9432 | D:9      | Found Uckycu's Weapon Emporium.
  9463 | D:9      | Found Jutoemod's Armour Boutique.
  9471 | D:9      | 9471 ||| SHOPLISTING +3 crown of Dyrovepreva {rElec Int+2
                  | SInv} (455 gold, have 248).
  9472 | D:9      | Found a flagged portal.
  9590 | D:9      | Found Foan's Distillery.
  9610 | D:9      | 9610 ||| BUYING potion of curing (39 gold).
  9610 | D:9      | Bought a potion of curing for 39 gold pieces
  9610 | D:9      | 9610 ||| BUYING potion of might (52 gold).
  9610 | D:9      | Bought a potion of might for 52 gold pieces
  9610 | D:9      | 9610 ||| BUYING potion of resistance (130 gold).
  9610 | D:9      | Bought a potion of resistance for 130 gold pieces
  9625 | D:9      | Found a blossoming altar of Fedhas.
  9636 | D:9      | Reached skill level 12 in Axes
  9713 | D:9      | 9713 ||| INVOKING Heroism.
  9850 | D:9      | 9850 ||| INVOKING Heroism.
  9889 | D:9      | Found Nosuasuca's General Store.
  9897 | D:9      | 9897 ||| BUYING +0 cloak (63 gold).
  9897 | D:9      | Bought a +0 cloak for 63 gold pieces
  9897 | D:9      | 9897 ||| BUYING potion of lignification (42 gold).
  9897 | D:9      | Bought a potion of lignification for 42 gold pieces
  9986 | D:9      | Found a bloodstained altar of Trog.
  9989 | D:9      | 9989 ||| UPGRADING to +0 cloak.
  9994 | D:9      | 9994 ||| READING 5 scrolls of enchant armour.
  9994 | D:9      | 9994 ||| ENCHANTING +0 cloak.
  9995 | D:9      | 9995 ||| READING 4 scrolls of enchant armour.
  9995 | D:9      | 9995 ||| ENCHANTING +1 cloak.
 10052 | D:9      | Found a staircase to the Lair.
 10062 | D:9      | 10062 ||| INVOKING Heroism.
 10065 | D:9      | Reached skill level 6 in Shields
 10066 | D:9      | HP: 9/71 [orc priest/divine providence (10)]
 10347 | D:9      | 10347 ||| PLANNING LAIR
 10347 | D:9      | 10347 ||| UPGRADING to +5 ring of evasion.
 10349 | D:9      | 10349 ||| DRINKING 2 purple potions.
 10350 | D:9      | 10350 ||| READING 2 scrolls of identify.
 10350 | D:9      | 10350 ||| IDENTIFYING black potion
 10351 | D:9      | 10351 ||| DROPPING potion of invisibility.
 10367 | Lair:1   | Entered Level 1 of the Lair of Beasts
 10368 | Lair:1   | 10368 ||| INVOKING Heroism.
 10389 | Lair:1   | Reached **** piety under Okawaru
 10423 | Lair:1   | 10423 ||| INVOKING Heroism.
 10458 | Lair:1   | 10458 ||| INVOKING Heroism.
 10928 | Lair:1   | 10928 ||| Stepping ~*~*~tactically~*~*~ (stealth).
 11323 | Lair:1   | Noticed an oklob plant
 11324 | Lair:1   | 11324 ||| INVOKING Heroism.
 11349 | Lair:1   | 11349 ||| FLEEEEING.
 11350 | Lair:1   | 11350 ||| FLEEEEING.
 11431 | Lair:1   | 11431 ||| INVOKING Heroism.
 11445 | Lair:1   | Noticed an oklob plant
 11454 | Lair:1   | Killed an oklob plant
 11455 | Lair:1   | 11455 ||| FLEEEEING.
 11754 | Lair:1   | 11754 ||| INVOKING Heroism.
 11755 | Lair:1   | Noticed an oklob plant
 11764 | Lair:1   | Killed an oklob plant
 11765 | Lair:1   | Reached skill level 6 in Invocations
 11779 | Lair:1   | Killed an oklob plant
 11779 | Lair:1   | Reached ***** piety under Okawaru
 11884 | Lair:1   | Noticed an oklob plant
 11885 | Lair:1   | 11885 ||| INVOKING Heroism.
 11922 | Lair:1   | Killed an oklob plant
 12292 | Lair:1   | 12292 ||| UPGRADING to +0 pair of gloves.
 12297 | Lair:1   | 12297 ||| DROPPING +1 cloak of preservation.
 12298 | Lair:1   | 12298 ||| READING 3 scrolls of enchant armour.
 12298 | Lair:1   | 12298 ||| ENCHANTING +0 pair of gloves.
 12299 | Lair:1   | 12299 ||| READING 2 scrolls of enchant armour.
 12299 | Lair:1   | 12299 ||| ENCHANTING +1 pair of gloves.
 12308 | Lair:2   | 12308 ||| INVOKING Heroism.
 12312 | Lair:2   | Reached XP level 12. HP: 77/77 MP: 13/17
 12319 | Lair:2   | Reached skill level 13 in Axes
 12574 | Lair:2   | Found a staircase to the Swamp.
 12581 | Lair:2   | 12581 ||| INVOKING Heroism.
 12584 | Lair:2   | HP: 6/77 [bog body (21)]
 12585 | Lair:2   | 12585 ||| READING 2 scrolls of teleportation.
 12844 | Lair:2   | Found a transporter.
 12845 | Lair:2   | Noticed Zapai's ghost (journeyman DgAr)
 12846 | Lair:2   | Found a transporter.
 12864 | Lair:2   | 12864 ||| INVOKING Heroism.
 12872 | Lair:2   | 12872 ||| Stepping ~*~*~tactically~*~*~ (stealth).
 12916 | Lair:2   | 12916 ||| Stepping ~*~*~tactically~*~*~ (stealth).
 13067 | Lair:2   | 13067 ||| Stepping ~*~*~tactically~*~*~ (stealth).
 13115 | Lair:2   | 13115 ||| Stepping ~*~*~tactically~*~*~ (stealth).
 13127 | Lair:2   | 13127 ||| Stepping ~*~*~tactically~*~*~ (stealth).
 13134 | Lair:2   | 13134 ||| Stepping ~*~*~tactically~*~*~ (stealth).
 13143 | Lair:2   | 13143 ||| Stepping ~*~*~tactically~*~*~ (stealth).
 13144 | Lair:2   | 13144 ||| Stepping ~*~*~tactically~*~*~ (stealth).
 13147 | Lair:2   | 13147 ||| Stepping ~*~*~tactically~*~*~ (stealth).
 13208 | Lair:2   | 13208 ||| Stepping ~*~*~tactically~*~*~ (stealth).
 13218 | Lair:2   | Noticed a six-headed hydra
 13219 | Lair:2   | 13219 ||| INVOKING Heroism.
 13220 | Lair:2   | 13220 ||| INVOKING Finesse.
 13221 | Lair:2   | 13221 ||| SWAPPING to +0 morningstar.
 13228 | Lair:2   | Killed a six-headed hydra
 13229 | Lair:2   | 13229 ||| SWAPPING to +0 broad axe.
 13439 | Lair:2   | 13439 ||| INVOKING Heroism.
 13441 | Lair:2   | 13441 ||| Stepping ~*~*~tactically~*~*~ (stealth).
 13455 | Lair:2   | 13455 ||| Stepping ~*~*~tactically~*~*~ (stealth).
 13592 | Lair:3   | You fall into a shaft and drop 1 floor!
 13597 | Lair:4   | Noticed Sonja
 13598 | Lair:4   | 13598 ||| INVOKING Finesse.
 13609 | Lair:4   | 13609 ||| INVOKING Heroism.
 13620 | Lair:4   | Reached skill level 9 in Invocations
 13639 | Lair:4   | Killed Sonja
 13779 | Lair:4   | Reached skill level 14 in Axes
 13820 | Lair:3   | 13820 ||| INVOKING Heroism.
 13855 | Lair:3   | Reached XP level 13. HP: 45/83 MP: 20/20
 13988 | Lair:3   | 13988 ||| Stepping ~*~*~tactically~*~*~ (stealth).
 13990 | Lair:3   | 13990 ||| INVOKING Heroism.
 14189 | Lair:3   | 14189 ||| INVOKING Heroism.
 14299 | Lair:3   | 14299 ||| Stepping ~*~*~tactically~*~*~ (stealth).
 14311 | Lair:3   | Received a gift from Okawaru
 14473 | Lair:3   | 14473 ||| Stepping ~*~*~tactically~*~*~ (stealth).
 14474 | Lair:3   | 14474 ||| Stepping ~*~*~tactically~*~*~ (stealth).
 14479 | Lair:3   | Reached skill level 1 in Throwing
 14499 | Lair:3   | 14499 ||| INVOKING Heroism.
 14500 | Lair:3   | 14500 ||| INVOKING Finesse.
 14600 | Lair:3   | 14600 ||| INVOKING Heroism.
 14601 | Lair:3   | 14601 ||| INVOKING Finesse.
 14606 | Lair:3   | 14606 ||| SWAPPING to +0 morningstar.
 14610 | Lair:3   | 14610 ||| SWAPPING to +0 broad axe.
 14647 | Lair:3   | 14647 ||| FLEEEEING.
 14725 | Lair:3   | 14725 ||| INVOKING Heroism.
 14896 | Lair:3   | Found a staircase to the Snake Pit.
 14902 | Lair:3   | 14902 ||| INVOKING Heroism.
 14906 | Lair:3   | Reached skill level 3 in Throwing
 14910 | Lair:3   | HP: 20/84 [salamander/+0 halberd (8)]
 14910 | Lair:3   | HP: 6/84 [salamander/+0 halberd (14)]
 14911 | Lair:3   | 14911 ||| READING scroll of teleportation.
 14913 | Lair:3   | Slain by a salamander

Levels and vault maps discovered:
D:1:      ebering_hopf_link, layout_basic
D:2:      layout_loops_cross, grunt_ministairs_15, minmay_joined_circles,
          uniq_robin
D:3:      layout_basic, amcnicky_altar_gilded,
          shapermc_ecumenical_altar_rom_forum
D:4:      layout_cave_pools, gammafunk_temple_overflow_elements,
          mainiacjoe_overflow_divided_tiny, serial_demonic, serial_demonic_d,
          serial_demonic_a, serial_demonic_e, serial_demonic_e, serial_shops,
          kennysheep_mini, gammafunk_ghost_nasty_kobolds
D:5:      layout_loops_cross, minitemple, temple_pool_b, gup_sewer_entry_bowl,
          uniq_grinder
D:6:      layout_basic, evilmike_ruin_ashenzari, nicolae_alphabet_shops,
          uniq_eustachio
D:7:      layout_gridville, lemuel_zombie_altar_yredelemnul
D:8:      layout_basic, mainiacjoe_overflow_paths, kennysheep_kite_vault
D:9:      layout_gridville, trog_hazing_becter,
          mainiacjoe_overflow_concentric_impassable, erik_lair_orcish_takeover,
          enter_bailey_2, serial_shops, shop, shop_coins, shop,
          nicolae_shop_peninsula
Lair:1:   minmay_lair_oklob_tunnel, layout_hall_layers,
          infiniplex_staircase_pool_2, grunt_megastairs_5
Lair:2:   layout_roguey, skrybe_swamp_entry_bodies, gammafunk_ghost_hive,
          chequers_serial_rivers_small_3, kennysheep_abandoned_house
Lair:3:   layout_loops_ring, nicolae_snake_entry_warm_welcome,
          infiniplex_staircase_pool
Lair:4:   nzn_motion_control, layout_layer_cave, nicolae_slime_entry_slimehenge,
          lemuel_fruit_fields, uniq_sonja

Skill      XL: |  1  2  3  4  5  6  7  8  9 10 11 12 13 |
---------------+----------------------------------------+-----
Axes           | 2 3 4 5 6 7 8 10 11 12 14 | 14.5
Fighting       | 4 5 6 8 9 10 11 | 11.0
Dodging        | 1 2 |  2.1
Armour         | 4 5 6 |  6.0
Invocations    | 4 6 10 | 10.0
Shields        | 4 5 6 7 |  7.1
Throwing       | 3 |  3.0

Action                     |  1- 3 |  4- 6 |  7- 9 | 10-12 | 13-15 || total
---------------------------+-------+-------+-------+-------+-------++-------
  Melee: War axe           |    91 |   222 |   192 |       |       ||   505
         Broad axe         |       |       |   185 |   647 |   109 ||   941
         Morningstar       |       |       |       |     7 |     3 ||    10
  Throw: Javelin           |     7 |       |       |       |     6 ||    13
 Invoke: Heroism           |       |       |     8 |    24 |     6 ||    38
         Finesse           |       |       |       |     2 |     2 ||     4
    Use: Scroll            |     3 |     7 |     8 |     9 |     1 ||    28
         Potion            |       |     1 |     2 |     3 |       ||     6
   Stab: Invisible         |       |       |       |     1 |       ||     1
         Distracted        |       |       |       |     1 |       ||     1
 Armour: Scale mail        |    49 |    92 |       |       |       ||   141
         Chain mail        |       |    58 |   230 |   115 |       ||   403
         Ring mail         |       |       |       |   156 |    43 ||   199
  Dodge: Dodged            |    34 |    92 |   149 |   372 |    49 ||   696
  Block: Buckler           |    15 |    35 |    63 |   147 |    20 ||   280

Table legend:
 A = Non-vault XP
 B = Vault XP
 C = Vault XP percentage of total XP
 D = Non-vault monster count
 E = Vault monster count
 F = Vault count percentage of total count
                 A         B        C        D         E       F
            +---------+---------+-------+---------+---------+-------
      Total |   28949 |    9709 |  25.1 |     276 |     105 |  27.6
            +---------+---------+-------+---------+---------+-------
        D:1 |      50 |       0 |   0.0 |      29 |       0 |   0.0
        D:2 |      76 |      71 |  48.3 |      26 |      30 |  53.6
        D:3 |      72 |       0 |   0.0 |      18 |       0 |   0.0
        D:4 |     475 |     125 |  20.8 |      25 |       9 |  26.5
        D:5 |     943 |     266 |  22.0 |      14 |       4 |  22.2
        D:6 |    1124 |     178 |  13.7 |      21 |       1 |   4.5
        D:7 |    1923 |      59 |   3.0 |      28 |       2 |   6.7
        D:8 |    2913 |    1674 |  36.5 |      27 |      16 |  37.2
        D:9 |    1466 |     661 |  31.1 |      13 |      11 |  45.8
     Lair:1 |    3041 |    3223 |  51.5 |      17 |       7 |  29.2
     Lair:2 |    3532 |    2573 |  42.1 |      14 |      22 |  61.1
     Lair:3 |    8510 |     101 |   1.2 |      30 |       2 |   6.2
     Lair:4 |    4824 |     778 |  13.9 |      14 |       1 |   6.7
            +---------+---------+-------+---------+---------+-------
